AoeStats
← Blyad _Mann

Black Forest

508659201Analyzed
4v4 RM · 8d ago on Sep 23, 2026· 36m 43s· 8 players
Game mode
Random Map
Map size
Large (8 player)
Population
200
Speed
Normal
Resources
Standard
Victory
Conquest
Starting age
Dark Age
Ending age
Imperial Age
RankedLock teamsTeams togetherTeam positionsShared explorationLock speedFull tech treeHidden civsTurbo modeCheats
Victory
Defeat
🇹🇷 Turks · Türkiye
1000
+40
🇹🇷 Cumans · Türkiye
982
+14
🇳🇱 Danes · Netherlands
964
+14
🇳🇱 Danes · Netherlands
947
+15
🇨🇳 Khmer · China
955
-15
🇨🇳 Poles · China
948
-15
🇹🇼 Britons · Taiwan
909
-18
🇨🇳 Danes · China
905
-13
Majestiet
10:41 Feudal Age
11:51 Double-Bit Axe
14:25 Castle Age
12:59 Horse Collar
15:36 Bow Saw
16:08 Heavy Plow
19:32 Loom
19:37 Town Watch
22:10 Wheelbarrow
23:27 Hand Cart
23:31 Gold Mining
28:32 Imperial Age
27:25 Gold Shaft Mining
26:49 Stone Mining
27:02 Scale Mail Armor
27:15 Forging
27:46 Squires
27:32 Arson
28:40 Chain Mail Armor
28:45 Onager
29:54 Northmen's Fury
30:02 Capped Ram
32:01 Stone Shaft Mining
31:37 Siege Engineers
30:57 Siege Ram
33:05 Plate Mail Armor
33:16 Elite Varangian Guard
Pearlie
2:44 Loom
13:49 Feudal Age
14:20 Double-Bit Axe
14:21 Horse Collar
14:35 Gold Mining
19:09 Wheelbarrow
18:24 Town Watch
20:52 Forging
20:49 Scale Barding Armor
24:48 Castle Age
23:51 Bloodlines
26:15 Iron Casting
26:00 Chain Barding Armor
25:32 Capped Ram
28:26 Bow Saw
28:18 Heavy Plow
29:14 Gold Shaft Mining
28:31 Stone Mining
29:19 Hand Cart
29:54 Gold Shaft Mining
Prof.Dr.Tomboyologist
13:16 Feudal Age
14:10 Horse Collar
15:30 Double-Bit Axe
17:43 Wheelbarrow
17:28 Stone Mining
23:27 Gold Mining
27:11 Castle Age
27:52 Heavy Plow
28:31 Gold Shaft Mining
28:08 Bow Saw
31:47 Hand Cart
Blyad _Mann
0:28 Loom
13:53 Feudal Age
14:39 Double-Bit Axe
17:15 Stone Mining
17:19 Gold Mining
17:20 Stone Mining
17:18 Horse Collar
20:17 Castle Age
21:14 Bow Saw
28:00 Wheelbarrow
28:22 Heavy Plow
28:42 Forging
28:32 Scale Mail Armor
31:55 Imperial Age
31:07 Scale Mail Armor
32:01 Hand Cart
32:36 Gold Shaft Mining
33:09 Conscription
32:10 Hamask
33:01 Squires
32:46 Arson
32:48 Gambesons
33:29 Chain Mail Armor
33:59 Town Watch
34:30 Forging
34:50 Plate Mail Armor
35:41 Elite Jomsviking
36:13 Elite Varangian Guard
37:51 Iron Casting
z0922579996
1:01 Loom
2:08 Loom
5:54 Loom
9:34 Feudal Age
15:38 Wheelbarrow
14:56 Horse Collar
15:03 Double-Bit Axe
18:16 Wheelbarrow
21:39 Castle Age
19:55 Stone Mining
23:32 Hand Cart
23:41 Bow Saw
23:34 Heavy Plow
29:56 Gold Mining
30:22 Fletching
30:37 Scale Barding Armor
30:43 Forging
32:08 Gold Shaft Mining
31:46 Treadmill Crane
32:33 Ballistics
35:43 Imperial Age
33:38 Caravan
35:01 Yeomen
35:49 Husbandry
35:10 Light Cavalry
83716497273
Fischer fischt Fisch
11:15 Feudal Age
15:45 Castle Age
18:14 Double-Bit Axe
20:45 Stone Mining
21:23 Horse Collar
25:39 Bow Saw
29:26 Imperial Age
29:32 Imperial Age
26:58 Gold Mining
29:04 Wheelbarrow
31:16 Chemistry
30:45 Hand Cart
31:01 Heavy Plow
31:13 Scale Barding Armor
31:19 Forging
31:21 Szlachta Privileges
31:37 Conscription
31:22 Murder Holes
33:13 Cavalier
33:53 Husbandry
34:04 Bloodlines
33:14 Light Cavalry
35:43 Bombard Tower
Pay It Forward
0:34 Loom
11:57 Feudal Age
17:14 Castle Age
15:30 Double-Bit Axe
15:49 Horse Collar
20:44 Wheelbarrow
20:40 Gold Mining
28:27 Padded Archer Armor
29:45 Leather Archer Armor
31:24 Hand Cart
Connection lost

Rejoining the realm…

Still unreachable

The connection could not be restored.

Session expired

The server has moved on; the page needs a fresh start.